 Dungeon Crawl Stone Soup version 0.31.0-4-g52a2dc7128 (webtiles) character file.

Game seed: 10073094971785345053

869 Aviak the Poker (level 8, -3/63 HPs)
             Began as a Gnoll Reaver on Jan 21, 2024.
             Was a Believer of Sif Muna.
             Slain by Sigmund
             ... wielding a +3 vampiric scythe
              (8 damage)
             ... on level 4 of the Dungeon.
             The game lasted 00:06:01 (3025 turns).

Aviak the Poker (Gnoll Reaver)                      Turns: 3025, Time: 00:06:01

Health: -3/63      AC:  5    Str: 11    XL:     8   Next: 3%
Magic:  7/16       EV: 28    Int: 14    God:    Sif Muna [**....]
Gold:   137        SH:  0    Dex: 12    Spells: 12/18 levels left

rFire   . . .        a - +0 spear
rCold   + . .        (no shield)
rNeg    . . .        b - +0 leather armour
rPois   .            (no helmet)
rElec   .            (no cloak)
rCorr   +            m - +1 pair of gloves
SInv    .            (no boots)
Will    .....        n - amulet of the acrobat
Stlth   ++           C - ring of protection from cold
HPRegen 0.30/turn    r - ring of resist corrosion
MPRegen 0.15/turn

%: acrobat
@: acrobatic, hasted, very quick
A: fangs 1, strong nose, distributed training
a: Renounce Religion, Channel Magic


You were on level 4 of the Dungeon.
You worshipped Sif Muna.
Sif Muna was pleased with you.
You visited 1 branch of the dungeon, and saw 4 of its levels.

You collected 197 gold pieces.
You spent 60 gold pieces at shops.

Inventory:

Hand Weapons
 a - a +0 spear (weapon)
Armour
 b - a +0 leather armour (worn)
 m - a +1 pair of gloves (worn)
Magical Staves
 h - a staff of cold {rC+}
Jewellery
 j - a ring of fire
 n - an amulet of the acrobat (around neck)
 r - a ring of resist corrosion (right hand)
 s - the ring of Peaghin {*Slow rElec rF+ rN+ Dex+3}
   (You found it on level 3 of the Dungeon)

   [ring of positive energy]

   Dex+3:     It affects your dexterity (+3).
   rF+:       It protects you from fire.
   rElec:     It insulates you from electricity.
   rN+:       It protects you from negative energy.
   *Slow:     It may slow you when you take damage.
 C - a ring of protection from cold (left hand)
Scrolls
 f - 2 scrolls of teleportation {unknown}
 g - a scroll of silence {unknown}
 i - 3 scrolls of identify
 k - a scroll of noise {unknown}
 q - a scroll of fog {unknown}
 t - a scroll of summoning {unknown}
Potions
 c - a potion of might
 d - a potion of mutation {!q}
 e - a potion of brilliance


   Skills:
 + Level 5.5 Fighting
 + Level 3.0 Short Blades
 + Level 3.0 Long Blades
 + Level 3.0 Axes
 + Level 3.0 Maces & Flails
 + Level 7.2 Polearms
 + Level 3.0 Staves
 + Level 3.0 Ranged Weapons
 + Level 3.0 Throwing
 + Level 3.0 Armour
 + Level 5.5 Dodging
 + Level 3.0 Stealth
 + Level 3.0 Shields
 + Level 3.0 Unarmed Combat
 + Level 5.9 Spellcasting
 + Level 6.0 Conjurations
 + Level 2.4 Hexes
 + Level 2.4 Summonings
 + Level 2.4 Necromancy
 + Level 2.4 Translocations
 + Level 2.4 Fire Magic
 + Level 2.4 Ice Magic
 + Level 2.4 Air Magic
 + Level 2.4 Earth Magic
 + Level 2.4 Alchemy
 + Level 3.3 Invocations
 + Level 3.0 Evocations
 + Level 2.7 Shapeshifting


You had 12 spell levels left.
You knew the following spells:

 Your Spells              Type           Power      Damage    Failure   Level
a - Kiss of Death         Conj/Necr      64%        2d10      3%          1
b - Momentum Strike       Conj/Tloc      32%        3d8       5%          2
c - Hailstorm             Conj/Ice       16%        3d6       11%         3

Your spell library contained the following spells:

 Spells                   Type           Power      Damage    Failure   Level
 Summon Forest            Summ/Tloc      5%         N/A       90%         5
 Eringya's Noxious Bog    Alch           5%         4d6       100%        6
 Summon Hydra             Summ           5%         N/A       100%        7


Dungeon Overview and Level Annotations

Branches:
Dungeon (4/15)
 Temple: D:4-7

Altars:
Elyvilon
Sif Muna

Shops:
D:2 ?

Annotations:
D:4 Sigmund


Innate Abilities, Weirdness & Mutations

You have very sharp teeth.
Your uncanny sense of smell can sniff out nearby items.
Your experience applies equally to all skills.


Message History

Your Stealth skill increases to level 3!
Your Shields skill increases to level 3!
Your Unarmed Combat skill increases to level 3!
Your Conjurations skill increases to level 6!
Your Hexes skill increases to level 2!
Your Summonings skill increases to level 2!
Your Necromancy skill increases to level 2!
Your Translocations skill increases to level 2!
Your Fire Magic skill increases to level 2!
Your Ice Magic skill increases to level 2!
Your Air Magic skill increases to level 2!
Your Earth Magic skill increases to level 2!
Your Alchemy skill increases to level 2!
Your Invocations skill increases to level 3!
Your Evocations skill increases to level 3!
You have reached level 7!
You have reached level 8!
You feel agile.
Things that are here:
a +0 flail; an orc corpse You start resting.
A hobgoblin is nearby!
You hit the hobgoblin but do no damage. Your bite misses the hobgoblin.
Something hits you!
* * * LOW HITPOINT WARNING * * *
The hobgoblin hits you.
* * * LOW HITPOINT WARNING * * *
Casting: Kiss of Death (safe; 3% risk of failure)
Confirm with . or Enter, or press ? or * to list all spells.
Aiming: Momentum Strike (safe; 5% risk of failure)
Press: ? - help, Dir - move target, f - hobgoblin
Aim: a hobgoblin (71% to hit)
The concentrated momentum misses the hobgoblin.
The hobgoblin barely misses you.
It was a potion of haste.
You feel yourself speed up. Something hits you!
* * * LOW HITPOINT WARNING * * *
The hobgoblin misses you.
Unknown command.
Something hits you!
You die...

#......##### #.#.## ##.#
#. #......# #.#.# #.# #.
#.##..## ##.#g# #.# #.
#§###.# #....#####.#####
#§# #.#
######.#......).).# # #§#
#.# #......#..g..).)#.# #
#§# #.#
#.##{#####.######.# # #§#
#.# #.##...#...# #.# # #g#
#.# #.##@#.#...# ##.###
#{# #.#
#.##.#.g...#####...##
#.####.##.###.>..........#
#.........##.....###....##
#######.#####.....###.####
.............>........##
#######.#####..........#
#.#####.#.########
#.#.......#####...


There were no monsters in sight!

Vanquished Creatures
  Pikel (D:4)
  Grinder (D:4)
  Edmund (D:4)
  2 adders (D:3)
  A dart slug (D:3)
  A ribbon worm (D:3)
  7 orcs
  2 ball pythons
  8 bats
  5 endoplasms
  3 giant cockroaches
  7 goblins
  5 hobgoblins
  8 jackals
  3 quokkas
  6 frilled lizards
  8 kobolds
  2 rats
71 creatures vanquished.

Notes
Turn   | Place    | Note
-------+----------+-------------------------------------------
     0 | D:1      | Aviak the Gnoll Reaver began the quest for the Orb.
     0 | D:1      | Reached XP level 1. HP: 20/20 MP: 6/6
   112 | D:1      | Found a faded altar of an unknown god.
   183 | D:1      | Prayed at the altar of an unknown god.
   183 | D:1      | Became a worshipper of Sif Muna the Loreminder
   183 | D:1      | Reached * piety under Sif Muna
   227 | D:1      | Reached XP level 2. HP: 26/26 MP: 7/7
   933 | D:2      | Reached skill level 5 in Spellcasting
   933 | D:2      | Reached XP level 3. HP: 27/28 MP: 7/9
  1033 | D:2      | Found Askamaf's Magic Scroll Shop.
  1048 | D:2      | Bought a scroll of identify for 20 gold pieces
  1048 | D:2      | Bought a scroll of identify for 20 gold pieces
  1048 | D:2      | Bought a scroll of identify for 20 gold pieces
  1115 | D:2      | Reached ** piety under Sif Muna
  1123 | D:2      | Reached skill level 1 in Invocations
  1316 | D:2      | Reached skill level 1 in Short Blades
  1316 | D:2      | Reached skill level 1 in Long Blades
  1316 | D:2      | Reached skill level 1 in Axes
  1316 | D:2      | Reached skill level 1 in Maces & Flails
  1316 | D:2      | Reached skill level 1 in Staves
  1316 | D:2      | Reached skill level 1 in Ranged Weapons
  1316 | D:2      | Reached skill level 1 in Throwing
  1316 | D:2      | Reached skill level 1 in Armour
  1316 | D:2      | Reached skill level 1 in Stealth
  1316 | D:2      | Reached skill level 1 in Shields
  1316 | D:2      | Reached skill level 1 in Unarmed Combat
  1316 | D:2      | Reached skill level 1 in Evocations
  1893 | D:3      | Reached skill level 1 in Shapeshifting
  1893 | D:3      | Reached XP level 4. HP: 34/38 MP: 11/11
  1912 | D:3      | Found a white marble altar of Elyvilon.
  1935 | D:3      | Identified the ring of Peaghin {*Slow rElec rF+ rN+ Dex+3}
  2032 | D:3      | Learned a level 2 spell: Momentum Strike
  2036 | D:3      | Learned a level 3 spell: Hailstorm
  2220 | D:3      | Reached skill level 1 in Hexes
  2220 | D:3      | Reached skill level 1 in Summonings
  2220 | D:3      | Reached skill level 1 in Necromancy
  2220 | D:3      | Reached skill level 1 in Translocations
  2220 | D:3      | Reached skill level 1 in Fire Magic
  2220 | D:3      | Reached skill level 1 in Ice Magic
  2220 | D:3      | Reached skill level 1 in Air Magic
  2220 | D:3      | Reached skill level 1 in Earth Magic
  2220 | D:3      | Reached skill level 1 in Alchemy
  2507 | D:4      | Noticed Edmund
  2534 | D:4      | Killed Edmund
  2535 | D:4      | Reached XP level 5. HP: 27/43 MP: 8/12
  2722 | D:4      | Noticed Grinder
  2730 | D:4      | Paralysed by Grinder for 3 turns
  2737 | D:4      | Paralysed by Grinder for 2 turns
  2751 | D:4      | Killed Grinder
  2752 | D:4      | Reached skill level 5 in Fighting
  2752 | D:4      | Reached skill level 5 in Dodging
  2752 | D:4      | Reached XP level 6. HP: 19/51 MP: 0/14
  2968 | D:4      | Noticed Pikel
  2977 | D:4      | Noticed Sigmund
  2990 | D:4      | Killed Pikel
  2991 | D:4      | Reached skill level 7 in Polearms
  2991 | D:4      | Reached XP level 7. HP: 11/56 MP: 4/15
  2991 | D:4      | Reached XP level 8. HP: 12/63 MP: 4/16
  3025 | D:4      | Slain by Sigmund

Illustrated notes

Levels and vault maps discovered:
D:1:      hellmonk_arrival_library, layout_loops_ring,
          chequers_ecumenical_altar_simple_redux, chequers_serial_rivers_marsh
D:2:      layout_loops_ring, serial_shops, shop
D:3:      layout_loops_ring, elyvilon_altar_4
D:4:      layout_loops_ring, pdpol_wu_jian_five_deadly_venoms, uniq_edmund,
          uniq_grinder, uniq_sigmund, uniq_natasha, uniq_pikel

Skill      XL: |  1  2  3  4  5  6 |
---------------+-------------------+-----
Spellcasting   | 5 |  5.9
Invocations    | 1 2 3 |  3.3
Short Blades   | 1 2 3 |  3.0
Long Blades    | 1 2 3 |  3.0
Axes           | 1 2 3 |  3.0
Maces & Flails | 1 2 3 |  3.0
Staves         | 1 2 3 |  3.0
Ranged Weapons | 1 2 3 |  3.0
Throwing       | 1 2 3 |  3.0
Armour         | 1 2 3 |  3.0
Stealth        | 1 2 3 |  3.0
Shields        | 1 2 3 |  3.0
Unarmed Combat | 1 2 3 |  3.0
Evocations     | 1 2 3 |  3.0
Shapeshifting  | 1 2 |  2.7
Hexes          | 1 2 |  2.4
Summonings     | 1 2 |  2.4
Necromancy     | 1 2 |  2.4
Translocations | 1 2 |  2.4
Fire Magic     | 1 2 |  2.4
Ice Magic      | 1 2 |  2.4
Air Magic      | 1 2 |  2.4
Earth Magic    | 1 2 |  2.4
Alchemy        | 1 2 |  2.4
Fighting       | 5 |  5.5
Dodging        | 5 |  5.5
Polearms       | 7 |  7.2
Conjurations   | 6 |  6.0

Action                     |  1- 3 |  4- 6 |  7- 9 || total
---------------------------+-------+-------+-------++-------
  Melee: Spear             |   198 |   128 |     1 ||   327
         Bite              |    18 |    11 |       ||    29
         Punch             |     3 |     3 |       ||     6
   Cast: Kiss of Death     |     1 |     5 |       ||     6
         Momentum Strike   |       |     2 |     1 ||     3
         Hailstorm         |       |     7 |       ||     7
    Use: Scroll            |     3 |       |       ||     3
         Potion            |       |     4 |     1 ||     5
   Stab: Sleeping          |     4 |     2 |       ||     6
 Armour: Leather armour    |    78 |    51 |     4 ||   133
         Skin              |       |     6 |       ||     6
  Dodge: Dodged            |   122 |    53 |     2 ||   177
